AoeStats
← Karamazov

Arabia

510670783Analyzed
1v1 RM · 21h ago on Oct 2, 2026· 46m 7s· 2 players
Game mode
Random Map
Map size
Tiny (2 player)
Population
200
Speed
Normal
Resources
Standard
Victory
Conquest
Starting age
Dark Age
Ending age
Imperial Age
RankedLock teamsTeams togetherTeam positionsShared explorationLock speedFull tech treeHidden civsTurbo modeCheats
Victory
Defeat
🇨🇴 Spanish · Colombia
1293
+18
🇧🇷 Varangians · Brazil
1327
-18
Blueshock
2:43 Loom
10:06 Feudal Age
10:49 Double-Bit Axe
17:31 Horse Collar
22:24 Castle Age
21:16 Bloodlines
26:58 Sanctity
30:03 Fervor
29:57 Husbandry
30:54 Wheelbarrow
30:14 Town Watch
30:18 Pikeman
32:00 Scale Barding Armor
33:41 Chain Barding Armor
33:53 Redemption
34:57 Fletching
35:38 Ballistics
39:59 Imperial Age
38:36 Hand Cart
39:16 Masonry
39:09 Inquisition
41:17 Block Printing
41:31 Illumination
41:21 Squires
42:11 Plate Barding Armor
41:48 Scale Mail Armor
42:40 Theocracy
42:54 Conscription
43:55 Supremacy
44:17 Halberdier
45:09 Town Patrol
Karamazov
5:38 Loom
8:31 Feudal Age
8:59 Double-Bit Axe
14:00 Bloodlines
21:28 Castle Age
19:43 Gold Mining
20:10 Forging
20:15 Horse Collar
21:43 Wheelbarrow
21:30 Light Cavalry
22:43 Bow Saw
26:01 Scale Barding Armor
29:07 Stone Mining
31:36 Heavy Plow
33:18 Husbandry
37:56 Imperial Age
36:00 Hand Cart
39:51 Chain Barding Armor
39:19 Cavalier
41:18 Plate Barding Armor
41:19 Iron Casting
41:49 Stone Shaft Mining
41:57 Fletching
43:31 Conscription
43:52 Bodkin Arrow
44:58 Blast Furnace
43:34 Vendel Legacy
Connection lost

Rejoining the realm…

Still unreachable

The connection could not be restored.

Session expired

The server has moved on; the page needs a fresh start.